 Dungeon Crawl Stone Soup version 0.26-a0-854-gdc81c2f471 (webtiles) character file.

Game seed: 5593525939781766270

154 Baz the Chucker (level 5, -3/54 HPs)
             Began as an Ogre Hunter on Nov 24, 2020.
             Slain by an orc wizard
             ... wielding a +0 dagger
              (6 damage)
             ... on level 2 of the Dungeon.
             The game lasted 00:06:32 (2582 turns).

Baz the Chucker (Ogre Hunter)                       Turns: 2582, Time: 00:06:33

Health: -3/54      AC:  3    Str: 16    XL:     5   Next: 36%
Magic:  5/5        EV: 10    Int: 12    God:
Gold:   61         SH:  0    Dex: 10    Spells: 4/4 levels left

rFire    . . .     SeeInvis .   a - +0 short sword
rCold    . . .     Faith    .   (no shield)
rNeg     . . .     Spirit   .   b - +0 robe
rPois    .         Reflect  .   (helmet restricted)
rElec    .         Harm     .   (no cloak)
rCorr    .         Rampage  .   (gloves unavailable)
MR       .....                  (boots unavailable)
Stlth    +.........             (no amulet)
HPRegen  0.18/turn              (no ring)
MPRegen  0.09/turn              (no ring)

@: no status effects
A: large, unfitting armour, tough skin 1
a: no special abilities


You were on level 2 of the Dungeon.
You visited 1 branch of the dungeon, and saw 2 of its levels.

You collected 61 gold pieces.

Inventory:

Hand Weapons
 a - a +0 short sword (weapon)
 i - a +0 mace
Missiles
 d - 2 throwing nets
 e - 127 stones
 f - 4 curare-tipped darts (quivered)
Armour
 b - a +0 robe (worn)
Jewellery
 g - an uncursed amulet of magic regeneration {unknown}
 k - an uncursed amulet of the acrobat {unknown}
Scrolls
 j - a scroll of amnesia {unknown}
 l - a scroll of identify {unknown}
 m - a scroll of blinking {unknown}
 o - a scroll of noise {unknown}
 p - a scroll of remove curse {unknown}


   Skills:
 + Level 4.2 Fighting
 + Level 1.6 Maces & Flails
 + Level 4.7 Throwing
 + Level 2.9 Dodging
 - Level 0.6 Stealth


You had 4 spell levels left.
You didn't know any spells.
Your spell library was empty.

Dungeon Overview and Level Annotations

Branches:
Dungeon (2/15)

Altars:
Elyvilon
Wu Jian


Innate Abilities, Weirdness & Mutations

You are too large for most types of armour.
You have tough skin. (AC +1)


Message History

Unknown command.
Throwing (i - inventory. (/) - cycle)
f - 6 curare-tipped darts (quivered)
Press: ? - help, Shift-Dir - straight line, f - leopard gecko
Aim: a leopard gecko You throw a curare-tipped dart.
The curare-tipped dart hits the leopard gecko.
The leopard gecko is poisoned.
The leopard gecko convulses.
You kill the leopard gecko!
Something hits you.
* * * LOW HITPOINT WARNING * * *
Unknown command.
Unknown command.
Throwing (i - inventory. (/) - cycle)
f - 5 curare-tipped darts (quivered)
Press: ? - help, Shift-Dir - straight line, f - frilled lizard
Aim: a frilled lizard You throw a curare-tipped dart.
The curare-tipped dart closely misses the frilled lizard.
The curare-tipped dart barely misses the orc.
Something hits you.
You die...

#.. #..# #...# #### #..# .P.
.....## # ##... ... ....#.
...[...# #.# ...... ... #.#####
#.# .o..# ##.##.....##### ##.##
#####...
#.......#.#...###...###...#.#
#.#.#.#.#...P..@{l_o(†(.P(((###
.#.#.#.#.###...###...###..(#(..#
.......#.# ########.##.#####.#.#
.#.#..##.# #...# #.##.###.#l# #
#.......####...###.##.##..).#
##.###..........#...#.#.#(#.#.#.
... #..........#.P.#l.###......
... #..........#...##....##.##.
... ....#####...###.##..#.###.#


You could see an orc and a frilled lizard.

Vanquished Creatures
  An orc priest (D:2)
  Jessica (D:2)
  Natasha (D:2)
  Robin (D:2)
  2 leopard geckos
  An orc (D:2)
  2 ball pythons (D:1)
  4 bats
  13 goblins
  9 hobgoblins (D:1)
  6 kobolds (D:1)
  4 frilled lizards (D:1)
  2 rats (D:1)
47 creatures vanquished.

Vanquished Creatures (others)
  Natasha (D:2)
1 creature vanquished.

Grand Total: 48 creatures vanquished

Notes
Turn   | Place    | Note
-------+----------+-------------------------------------------
     0 | D:1      | Baz the Ogre Hunter began the quest for the Orb.
     0 | D:1      | Reached XP level 1. HP: 22/22 MP: 1/1
   329 | D:1      | Reached XP level 2. HP: 20/31 MP: 2/2
  1206 | D:1      | Reached XP level 3. HP: 32/37 MP: 3/3
  1658 | D:2      | Noticed Robin
  1659 | D:2      | Noticed Natasha
  2347 | D:2      | Killed Natasha
  2348 | D:2      | Reached skill level 1 in Maces & Flails
  2348 | D:2      | Reached XP level 4. HP: 40/48 MP: 4/4
  2348 | D:2      | Killed Robin
  2456 | D:2      | Noticed Jessica
  2466 | D:2      | Killed Jessica
  2512 | D:2      | Found a white marble altar of Elyvilon.
  2523 | D:2      | Noticed Natasha
  2537 | D:2      | Killed Natasha
  2538 | D:2      | Reached XP level 5. HP: 8/54 MP: 5/5
  2545 | D:2      | Found an ornate altar of the Wu Jian Council.
  2582 | D:2      | Slain by an orc wizard

Illustrated notes

Levels and vault maps discovered:
D:1:      kilobyte_arrival_exit_the_forest, layout_loops_cross,
          minmay_pentomino_v4
D:2:      layout_loops_cross, lemuel_crystal_altar, elyvilon_altar_1,
          uniq_natasha, uniq_jessica, uniq_robin

Skill      XL: |  1  2  3  4 |
---------------+-------------+-----
Fighting       | 3 4 |  4.2
Dodging        | 2 |  2.9
Maces & Flails | 1 |  1.6
Throwing       | |  4.7
Stealth        | |  0.6

Action                   |  1- 3 |  4- 6 || total
-------------------------+-------+-------++-------
Melee: Short sword       |   142 |    12 ||   154
Throw: Stone             |    11 |    16 ||    27
       Large rock        |     3 |     6 ||     9
       Dart              |       |     4 ||     4
  Use: Potion            |     3 |     1 ||     4
 Stab: Sleeping          |     1 |       ||     1
Armor: Robe              |    40 |     5 ||    45
Dodge: Dodged            |    97 |    29 ||   126

Table legend: (Time is in decaauts)
 A = Elapsed time spent in this place.
 B = Non-inter-level travel time spent in this place.
 C = Inter-level travel time spent in this place.
 D = Time resting spent in this place.
 E = Time spent auto-exploring this place.
 F = Levels seen in this place.
 G = Mean time per level.
                   A        B        C        D        E       F      G
               +--------+--------+--------+--------+--------+-----+--------+
         Total |   2615 |   2527 |     88 |   1004 |    899 |   2 | 1307.5 |
       Dungeon |   2615 |   2527 |     88 |   1004 |    899 |   2 | 1307.5 |
               +--------+--------+--------+--------+--------+-----+--------+

Top non-repeatable levels by time:
     D:1: 2364 daAuts
     D:2: 251 daAuts
